 Dungeon Crawl Stone Soup version 0.26-a0-259-g1effd001a9 (webtiles) character file.

Game seed: 5067550548080131469

1631 HoaS the Cruncher (level 8, -11/53 HPs)
             Began as a Gargoyle Gladiator on July 18, 2020.
             Was a Follower of Makhleb.
             Mangled by a two-headed ogre
             ... wielding a +0 giant spiked club
              (15 damage)
             ... on level 4 of the Dungeon.
             The game lasted 00:13:39 (4445 turns).

HoaS the Cruncher (Gargoyle Gladiator)              Turns: 4445, Time: 00:13:40

Health: -11/53     AC: 27    Str: 20    XL:     8   Next: 98%
Magic:  8/8        EV:  7    Int:  4    God:    Makhleb [*.....]
Gold:   261        SH:  0    Dex: 19    Spells: 7/7 levels left

rFire    . . .     SeeInvis .   u - +2 glaive of the Hawk {speed, Int-5 Dex+5} (curse)
rCold    . . .     Faith    .   (shield currently unavailable)
rNeg     + . .     Spirit   .   g - +0 plate armour
rPois    ∞         Reflect  .   c - +0 helmet
rElec    +         Harm     .   j - +0 cloak
rCorr    .                      D - +0 pair of gloves {Dex+3}
MR       .....                  (no boots)
Stlth    ..........             (no amulet)
HPRegen  0.17/turn              s - +4 ring of protection
MPRegen  0.11/turn              m - +4 ring of protection

@: no status effects
A: negative energy resistance 1, electricity resistance, unbreathing,
petrification resistance, rot immunity, AC +5
a: Renounce Religion


You were on level 4 of the Dungeon.
You worshipped Makhleb.
Makhleb was aware of your devotion.
You were not hungry.

You visited 1 branch of the dungeon, and saw 5 of its levels.

You collected 261 gold pieces.

Inventory:

Hand Weapons
 a - a +1 quarterstaff
 u - the cursed +2 glaive of the Hawk (weapon) {speed, Int-5 Dex+5}
   (You found it on level 4 of the Dungeon)

   Attacks with this weapon are significantly faster.
   It affects your intelligence (-5).
   It affects your dexterity (+5).
   It has a curse placed upon it.
Missiles
 d - 2 throwing nets
 n - 6 javelins (quivered)
 r - 20 poisoned darts
 x - 3 boomerangs
Armour
 c - a +0 helmet (worn)
 g - a +0 plate armour (worn)
 j - a +0 cloak (worn)
 D - a +0 pair of gloves of dexterity (worn)
Jewellery
 m - a +4 ring of protection (right hand)
 s - a +4 ring of protection (left hand)
 A - an uncursed amulet of faith {unknown}
 C - an uncursed ring of protection from magic {unknown}
Wands
 y - a wand of clouds (4)
 z - a wand of digging (4)
Scrolls
 b - a scroll of teleportation
 t - 4 scrolls of remove curse
 v - a scroll of magic mapping
 w - 4 scrolls of fear
 B - a scroll of identify
Potions
 e - 3 potions of might {unknown}
 h - 2 potions of brilliance {unknown}
 i - a potion of flight {unknown}
 k - a potion of berserk rage {unknown}
 l - 3 potions of curing
 o - a potion of magic {unknown}
 p - a potion of heal wounds {unknown}
 q - a potion of lignification {unknown}
Comestibles
 f - 13 rations


   Skills:
 + Level 7.0 Fighting
 * Level 9.3 Staves
 - Level 1.7 Throwing
 - Level 2.4 Armour
 - Level 2.4 Dodging


You had 7 spell levels left.
You didn't know any spells.
Your spell library contained the following spells:

 Spells                   Type           Power        Failure   Level
 Animate Skeleton         Necr           #.....       100%        1
 Apportation              Tloc           #.....       100%        1
 Corona                   Hex            #......      100%        1
 Summon Small Mammal      Summ           #...         100%        1


Dungeon Overview and Level Annotations

Branches:
Dungeon (5/15)
 Temple: D:4-7

Altars:
Fedhas
Gozag
Hepliaklqana
Makhleb
Nemelex Xobeh
Qazlal
Wu Jian

Shops:
D:5 %

Annotations:
D:4 2 runed translucent doors


Innate Abilities, Weirdness & Mutations

You are resistant to torment.
Your stone body is resilient. (AC +5)
You are immune to poison.
You resist negative energy. (rN+)
You are resistant to electric shocks. (rElec)
You can survive without breathing.
You are immune to petrification.
You are immune to rotting.


Message History

Aim: a two-headed ogre, wielding a +0 giant spiked club and a +0 dire flail of protection (moderately wounded)
You throw a javelin.
The javelin pierces through the two-headed ogre but does no damage.
The two-headed ogre is moderately wounded.
The two-headed ogre hits you with a +0 giant spiked club!
The two-headed ogre hits you but does no damage.
You hit the two-headed ogre.
The two-headed ogre is moderately wounded.
You feel better.
The two-headed ogre hits you with a +0 giant spiked club.
The two-headed ogre hits you but does no damage.
You slice the two-headed ogre!!
The two-headed ogre is severely wounded.
The two-headed ogre hits you with a +0 giant spiked club!!
* * * LOW HITPOINT WARNING * * *
The two-headed ogre hits you but does no damage.
You hit the two-headed ogre.
The two-headed ogre is severely wounded.
The two-headed ogre hits you with a +0 giant spiked club!
You die...

##......# ##.#.#.##.####..#.#.#
#....._.# #..#.##.#.##..###.#.##
#.#.....###..#.#.##.##)##.#.#..##
#.#....###...##.)[######.#.##....
..#...###.....###'# #'###.....
.###..###.........######..)......
.# #...##........##8"%8##.#......
## #...##........#8....8#.#......
####...###......@O.....(+.#......
##.#...# #.......'......+........
#......# #.......#8....8#........
#...#..# #.......##8$}8##........
.......####.......######.........
........# #................#.....
........# ##....###.####...##....
.......(# ##.### #.##......#....
.####...## ### ##....###.......


You could see a two-headed ogre.

Vanquished Creatures
  Grinder (D:3)
  A sky beast (D:5)
  2 phantoms
  A centaur (D:5)
  4 ogres
  A scorpion (D:4)
  2 bullfrog zombies (D:5)
  A bullfrog skeleton (D:4)
  A hound (D:4)
  A gnoll shaman (D:3)
  An orc priest (D:5)
  2 orc wizards (D:4)
  Jessica (D:2)
  An iguana (D:4)
  3 worker ants
  A hound zombie (D:5)
  A hound skeleton (D:5)
  A worker ant zombie (D:5)
  10 gnolls
  6 adders
  A white imp (D:4)
  An ooze (D:1)
  An adder skeleton (D:5)
  2 worms
  2 dart slugs
  9 leopard geckos
  6 orcs
  A giant cockroach (D:3)
  5 goblins
  10 hobgoblins
  19 jackals
  12 kobolds
  A quokka (D:4)
  2 ball pythons
  9 bats
  9 frilled lizards
  A quokka skeleton (D:4)
  6 rats
139 creatures vanquished.

Notes
Turn   | Place    | Note
-------+----------+-------------------------------------------
     0 | D:1      | HoaS the Gargoyle Gladiator began the quest for the Orb.
     0 | D:1      | Reached XP level 1. HP: 12/12 MP: 1/1
    57 | D:1      | Reached XP level 2. HP: 18/18 MP: 2/2
   244 | D:1      | Reached XP level 3. HP: 22/22 MP: 3/3
   394 | D:1      | Reached skill level 1 in Armour
   745 | D:2      | Reached skill level 4 in Staves
   794 | D:2      | Reached XP level 4. HP: 28/28 MP: 4/4
  1099 | D:2      | Noticed Jessica
  1107 | D:2      | Killed Jessica
  1107 | D:2      | Reached XP level 5. HP: 29/32 MP: 5/5
  1780 | D:3      | Noticed Grinder
  1794 | D:3      | Killed Grinder
  1794 | D:3      | Reached skill level 5 in Staves
  1794 | D:3      | Reached XP level 6. HP: 26/38 MP: 6/6
  1885 | D:3      | Noticed a phantom
  1908 | D:3      | Killed a phantom
  1908 | D:3      | Reached skill level 6 in Staves
  1908 | D:3      | Reached XP level 7. HP: 35/44 MP: 7/7
  2570 | D:4      | Reached skill level 5 in Fighting
  2600 | D:3      | Reached skill level 7 in Staves
  2862 | D:4      | Reached XP level 8. HP: 43/51 MP: 8/8
  2923 | D:4      | Found a stormy altar of Qazlal.
  3046 | D:4      | Found a large runed translucent door.
  3047 | D:4      | Found a large runed translucent door.
  3065 | D:4      | Found a large runed translucent door.
  3065 | D:4      | Found a large runed translucent door.
  3066 | D:4      | Noticed a two-headed ogre
  3126 | D:4      | Found a burning altar of Makhleb.
  3139 | D:4      | Became a worshipper of Makhleb the Destroyer
  3357 | D:4      | Reached skill level 8 in Staves
  3612 | D:4      | Got a glimmering glaive
  3613 | D:4      | Identified the cursed +2 glaive of the Hawk {speed, Int-5
                  | Dex+5} (You found it on level 4 of the Dungeon)
  3651 | D:5      | Entered Level 5 of the Dungeon
  3738 | D:5      | Found a sparkling altar of Nemelex Xobeh.
  3750 | D:5      | Found a blossoming altar of Fedhas.
  3782 | D:5      | Reached * piety under Makhleb
  3820 | D:5      | Found an ornate altar of the Wu Jian Council.
  3916 | D:5      | Reached skill level 9 in Staves
  3938 | D:5      | Found an opulent altar of Gozag.
  3962 | D:5      | Found Plog's Food Shoppe.
  3970 | D:5      | Found a hazy altar of Hepliaklqana.
  4445 | D:4      | Mangled by a two-headed ogre

Illustrated notes

Levels and vault maps discovered:
D:1:      psy_arrival_fountain, layout_loops_ring
D:2:      layout_loops_corners, first_ration, minmay_between, uniq_jessica
D:3:      layout_basic, uniq_grinder
D:4:      layout_cave_pods, bloody_makhleb, grunt_qazlal_sundering,
          minmay_hollow_rounded_squares
D:5:      layout_basic, old_standard_altar, lemuel_doored_altar,
          nicolae_overflow_crystal_walls, basic_altar, serial_shops,
          nicolae_shop_behind_doors, fedhas_bush_and_centaur_altar

Skill      XL: |  1  2  3  4  5  6  7  8 |
---------------+-------------------------+-----
Armour         | 1 2 |  2.4
Fighting       | 3 4 5 7 |  7.0
Staves         | 4 5 6 7 9 |  9.3
Throwing       | |  1.7
Dodging        | |  2.4

Action                   |  1- 3 |  4- 6 |  7- 9 || total
-------------------------+-------+-------+-------++-------
Melee: Quarterstaff      |   131 |   154 |   181 ||   466
       Unarmed           |    10 |       |       ||    10
       Glaive            |       |       |    89 ||    89
Throw: Throwing net      |       |     3 |     1 ||     4
       Javelin           |       |       |     4 ||     4
  Use: Scroll            |       |     5 |     5 ||    10
       Potion            |       |       |     1 ||     1
 Stab: Held in net/web   |       |       |     1 ||     1
  Eat: Ration            |       |     1 |     2 ||     3
Armor: Leather armour    |     4 |       |       ||     4
       Plate armour      |   140 |   125 |   177 ||   442
Dodge: Dodged            |    58 |    52 |    81 ||   191

Table legend:
 A = Non-vault XP
 B = Vault XP
 C = Vault XP percentage of total XP
 D = Non-vault monster count
 E = Vault monster count
 F = Vault count percentage of total count
                 A         B        C        D         E       F
            +---------+---------+-------+---------+---------+-------
      Total |    1639 |     692 |  29.7 |     125 |      14 |  10.1
            +---------+---------+-------+---------+---------+-------
        D:1 |      69 |       0 |   0.0 |      36 |       0 |   0.0
        D:2 |      71 |      54 |  43.2 |      33 |       4 |  10.8
        D:3 |     349 |     281 |  44.6 |      16 |       1 |   5.9
        D:4 |     757 |     239 |  24.0 |      23 |       8 |  25.8
        D:5 |     393 |     118 |  23.1 |      17 |       1 |   5.6
            +---------+---------+-------+---------+---------+-------
